 Dungeon Sprint DCSS version bcrawl-1.12-11-gb93c957c58 (webtiles) character file.

Game seed: 2696910916497821214

3800000 Groucho the Formicid Barricade (level 25, -55/234 HPs)
             Began as a Formicid Fighter on July 7, 2019.
             Was the Champion of Makhleb.
             Annihilated by a destroyer
             ... wielding a +9 great sword of slicing
              (173 damage)
             ... in the Dungeon (Sprint VIII: "Arena of Blood").
             The game lasted 00:02:13 (38 turns).

Groucho the Formicid Barricade (Formicid Fighter)     Turns: 38, Time: 00:02:13

Health: -55/234    AC: 13    Str: 23    XL:     25   Next: 15%
Magic:  23/54      EV: 31    Int: 10    God:    Makhleb [******]
Gold:   0          SH: 19    Dex: 18    Spells: 78/78 levels left

rFire    . . .     SeeInvis +   l - +∞ Axe of Woe
rCold    . . .     Gourm    .   c - +0 shield
rNeg     . . .     Faith    .   b - +0 scale mail
rPois    .         Spirit   .   (helmet unavailable)
rElec    .         Reflect  .   (no cloak)
rCorr    .         Harm     .   (no gloves)
MR       ++...                  (no boots)
Stlth    ++++++++..             (no amulet)
HPRegen  0.49/turn              (no ring)
MPRegen  0.34/turn              (no ring)

@: no status effects
A: permanent stasis, dig shafts and tunnels, four strong arms, antennae 3
a: Dig, Minor Destruction, Lesser Servant of Makhleb, Major Destruction, Greater
Servant of Makhleb, Renounce Religion


You were in the Dungeon.
You worshipped Makhleb.
Makhleb was exalted by your worship.
You were not hungry.

You visited 1 branch

Inventory:

Hand Weapons
 a - a +0 war axe
 l - the +∞ Axe of Woe (weapon)
   (You found it in the Dungeon)
Armour
 b - a +0 scale mail (worn)
 c - a +0 shield (worn)
Jewellery
 m - a +130 ring of slaying
Scrolls
 k - a scroll of blinking
Potions
 d - a potion of might
 e - a potion of curing
 g - a potion of heal wounds
 h - a potion of haste
 i - 2 potions of magic
 j - a potion of berserk rage
Comestibles
 f - a ration {!d}


   Skills:
 O Level 27 Fighting
 O Level 27 Axes
 O Level 27 Throwing
 O Level 27 Armour
 O Level 27 Dodging
 O Level 27 Stealth
 O Level 27 Shields
 O Level 27 Unarmed Combat
 O Level 27 Spellcasting
 O Level 27 Invocations


You had 78 spell levels left.
You didn't know any spells.
Your spell library was empty.

Dungeon Overview and Level Annotations

Branches:
Dungeon (1/1)

Altars:
Makhleb


Innate Abilities, Weirdness & Mutations

You cannot be hasted, slowed, berserked, paralysed or teleported.
You can dig through walls and to a lower floor.
Your four strong arms can wield two-handed weapons with a shield.
You have a pair of large antennae on your head. (SInv)


Message History

You hear a shout!
The destroyer blinks!
You hear a shout! x4
The destroyer is engulfed in blazing flames.
The destroyer blinks!
You hear a shout! x3
A meat berserker comes into view. It is wielding a +9 battleaxe.
The meat berserker shouts!
You hear a shout! x2
The destroyer is engulfed in blazing flames.
The destroyer blinks!
You hear a shout!
The destroyer blinks!
The eight-headed meat hydra is engulfed in blazing flames.
The eight-headed meat hydra calls on the powers of darkness!
The eight-headed meat hydra convulses!
The bag of meat convulses!
Your body is wracked with pain!
The meat berserker convulses!
You hear a shout!
The destroyer hits you with a +9 great sword of slicing!!!!!
Ouch! That really hurt!
You die...

.... .... .. ...
{.... #.. ...#
#.. ...# .
..###.. ...###..
.......###......
.......)@V§...O.
.....#.V)).#....
... #_o§)_# . .
#V)☼)○#
.....§☼§D...
......###......
.###.. ...###..
#.. ...# {. #§.
...#


You could see an eight-headed meat hydra, 3 destroyers, a meat berserker
(berserk) and a bag of meat.

Vanquished Creatures
  Harold (D)
  3 vampire knights (D)
  7 ogres (D)
  2 two-headed ogres (D)
  14 orcs (D)
27 creatures vanquished.

Notes
Turn   | Place    | Note
-------+----------+-------------------------------------------
     0 | D        | Found the +∞ Axe of Woe
     0 | D        | Groucho the Formicid Fighter began the quest for the Orb.
     0 | D        | Reached XP level 1. HP: 18/18 MP: 1/1
     3 | D        | Noticed a bag of meat
     4 | D        | Became a worshipper of Makhleb the Destroyer
     5 | D        | Noticed a bag of meat
     5 | D        | Noticed a meat berserker
     6 | D        | Noticed a bag of meat
     6 | D        | Noticed a bag of meat
     7 | D        | Noticed a bag of meat
    10 | D        | Killed a bag of meat
    10 | D        | Reached XP level 2. HP: 47/47 MP: 2/2
    10 | D        | Reached XP level 3. HP: 53/53 MP: 3/3
    10 | D        | Reached XP level 4. HP: 60/60 MP: 4/4
    10 | D        | Reached XP level 5. HP: 67/67 MP: 5/5
    10 | D        | Reached XP level 6. HP: 74/74 MP: 6/6
    10 | D        | Reached XP level 7. HP: 80/80 MP: 7/7
    10 | D        | Reached XP level 8. HP: 87/87 MP: 8/8
    10 | D        | Reached XP level 9. HP: 93/93 MP: 9/9
    10 | D        | Reached XP level 10. HP: 101/101 MP: 10/10
    10 | D        | Reached XP level 11. HP: 107/107 MP: 11/11
    10 | D        | Reached XP level 12. HP: 114/114 MP: 12/12
    10 | D        | Killed a meat berserker
    10 | D        | Reached * piety under Makhleb
    10 | D        | Reached XP level 13. HP: 130/130 MP: 13/13
    10 | D        | Reached XP level 14. HP: 138/138 MP: 14/14
    11 | D        | Noticed a meat berserker
    11 | D        | Noticed a bag of meat
    11 | D        | Noticed a bag of meat
    13 | D        | Noticed a bag of meat
    13 | D        | Noticed a bag of meat
    14 | D        | Killed a bag of meat
    14 | D        | Reached XP level 15. HP: 114/148 MP: 15/15
    14 | D        | Reached ** piety under Makhleb
    14 | D        | Reached skill level 15 in Axes
    14 | D        | Reached XP level 16. HP: 160/160 MP: 16/16
    17 | D        | Killed a meat berserker
    17 | D        | Reached skill level 27 in Fighting
    17 | D        | Reached skill level 27 in Shields
    17 | D        | Reached XP level 17. HP: 174/174 MP: 17/17
    17 | D        | Noticed a destroyer
    17 | D        | Noticed a meat berserker
    18 | D        | Reached *** piety under Makhleb
    18 | D        | Reached skill level 27 in Armour
    18 | D        | Reached XP level 18. HP: 182/182 MP: 18/18
    18 | D        | Reached skill level 27 in Axes
    18 | D        | Noticed a meat berserker
    19 | D        | Killed a destroyer
    19 | D        | Reached **** piety under Makhleb
    19 | D        | Reached skill level 10 in Throwing
    19 | D        | Reached skill level 10 in Dodging
    19 | D        | Reached skill level 10 in Unarmed Combat
    19 | D        | Reached skill level 10 in Spellcasting
    19 | D        | Reached XP level 19. HP: 189/189 MP: 18/33
    19 | D        | Noticed a meat berserker
    20 | D        | Reached skill level 15 in Stealth
    20 | D        | Reached skill level 15 in Invocations
    22 | D        | Noticed a meat berserker
    22 | D        | Noticed a large bag of meat
    23 | D        | Killed a meat berserker
    23 | D        | Reached ***** piety under Makhleb
    23 | D        | Reached XP level 20. HP: 197/197 MP: 18/38
    23 | D        | Killed a large bag of meat
    23 | D        | Noticed a destroyer
    23 | D        | Noticed a meat berserker
    25 | D        | Killed a meat berserker
    25 | D        | Reached skill level 27 in Dodging
    25 | D        | Reached XP level 21. HP: 148/204 MP: 19/39
    25 | D        | Killed a meat berserker
    25 | D        | Reached skill level 27 in Unarmed Combat
    25 | D        | Reached skill level 15 in Spellcasting
    25 | D        | Reached XP level 22. HP: 212/212 MP: 19/41
    28 | D        | Killed a destroyer
    28 | D        | Reached skill level 27 in Invocations
    28 | D        | Killed a meat berserker
    28 | D        | Reached XP level 23. HP: 219/219 MP: 19/50
    29 | D        | Reached ****** piety under Makhleb
    30 | D        | Noticed a destroyer
    30 | D        | Reached skill level 27 in Throwing
    30 | D        | Reached skill level 27 in Spellcasting
    30 | D        | Noticed a large bag of meat
    31 | D        | Noticed The Servant
    33 | D        | Killed a destroyer
    33 | D        | Reached skill level 27 in Stealth
    33 | D        | Reached XP level 24. HP: 227/227 MP: 21/54
    33 | D        | Killed a large bag of meat
    34 | D        | Noticed a destroyer
    34 | D        | Noticed a destroyer
    34 | D        | Noticed a destroyer
    35 | D        | Killed The Servant
    35 | D        | Reached XP level 25. HP: 234/234 MP: 21/54
    38 | D        | Annihilated by a destroyer

Skill      XL: |  1  2  3  4  5  6  7  8  9 10 11 12 13 14 15 16 17 18 19 20 21 22 23 |
---------------+----------------------------------------------------------------------+-----
Fighting       | 17 21 22 24 27 | 27.0
Axes           | 9 12 13 15 19 25 27 | 27.0
Armour         | 17 21 22 23 26 27 | 27.0
Shields        | 18 22 23 26 27 | 27.0
Throwing       | 10 14 16 23 27 | 27.0
Dodging        | 10 21 27 | 27.0
Stealth        | 13 18 27 | 27.0
Unarmed Combat | 10 14 21 27 | 27.0
Spellcasting   | 10 14 15 23 27 | 27.0
Invocations    | 12 16 19 27 | 27.0

Action                   |  1- 3 |  4- 6 |  7- 9 | 10-12 | 13-15 | 16-18 | 19-21 | 22-24 | 25-27 || total
-------------------------+-------+-------+-------+-------+-------+-------+-------+-------+-------++-------
Melee: Executioner's axe |     1 |       |       |       |     1 |     4 |     4 |     6 |       ||    16
Dodge: Dodged            |       |       |       |       |     2 |       |       |     1 |       ||     3
Block: Shield            |       |       |       |       |     2 |     1 |       |       |       ||     3
